 Dungeon Crawl Stone Soup version 0.27.1 (webtiles) character file.

Game seed: 17137575182338354873

462 Malachi the Bolt Thrower (level 7, 0/53 HPs)
             Began as a Formicid Hunter on Aug 25, 2021.
             Was a Believer of Yredelemnul.
             Slain by a gnoll (9 damage)
             ... on level 4 of the Dungeon.
             The game lasted 00:05:10 (5644 turns).

Malachi the Bolt Thrower (Formicid Hunter)          Turns: 5644, Time: 00:05:10

Health: 0/53       AC: 10    Str: 18    XL:     7   Next: 28%
Magic:  7/7        EV:  7    Int: 16    God:    Yredelemnul [**....]
Gold:   193        SH:  4    Dex: 10    Spells: 6/6 levels left

rFire    . . .     SeeInvis +   j - +2 dagger (venom)
rCold    . . .     Faith    .   p - +0 buckler
rNeg     + . .     Spirit   .   m - +0 chain mail
rPois    .         Reflect  .   (helmet unavailable)
rElec    .         Harm     .   (no cloak)
rCorr    .         Rampage  .   (no gloves)
Will     .....                  (no boots)
Stlth    ..........             (no amulet)
HPRegen  0.17/turn              h - ring of positive energy
MPRegen  0.10/turn              k - +6 ring of intelligence

@: mighty, brilliant
A: permanent stasis, dig shafts and tunnels, antennae 3, four strong arms,
hooves 1, iridescent scales 1, clumsy 1, deterioration 1
a: Dig, Shaft Self, Renounce Religion, Animate Remains, Recall Undead Slaves,
Injury Mirror


You were on level 4 of the Dungeon.
You worshipped Yredelemnul.
Yredelemnul was pleased with you.
You visited 1 branch of the dungeon, and saw 4 of its levels.

You collected 193 gold pieces.

Inventory:

Hand Weapons
 a - a +1 hand crossbow
 j - a +2 dagger of venom (weapon)
Missiles
 d - 50 bolts
 i - 5 atropa-tipped darts (quivered)
Armour
 c - a +0 leather armour
 m - a +0 chain mail (worn)
 p - a +0 buckler (worn)
Jewellery
 h - a ring of positive energy (left hand)
 k - a +6 ring of intelligence (right hand)
Scrolls
 g - 3 scrolls of magic mapping
Potions
 f - 2 potions of curing
 o - a potion of brilliance


   Skills:
 + Level 3.8 Fighting
 + Level 3.9 Short Blades
 + Level 4.7 Crossbows
 - Level 2.2 Armour
 - Level 2.4 Dodging
 - Level 2.0 Stealth
 - Level 3.0 Shields


You had 6 spell levels left.
You didn't know any spells.
Your spell library contained the following spells:

 Spells                   Type           Power      Damage    Failure   Level
 Magic Dart               Conj           0%         1d3       98%         1
 Ensorcelled Hibernation  Hex/Ice        0%         N/A       99%         2
 Searing Ray              Conj           0%         3d3       99%         2
 Spider Form              Tmut/Pois      0%         N/A       100%        3
 Fulminant Prism          Conj/Hex       0%         3d6       100%        4
 Hailstorm                Conj/Ice       0%         3d3       100%        4
 Ice Form                 Ice/Tmut       0%         N/A       100%        4
 Shadow Creatures         Summ           N/A        N/A       100%        6
 Simulacrum               Ice/Necr       0%         N/A       100%        6


Dungeon Overview and Level Annotations

Branches:
Dungeon (4/15)
 Temple: D:4-7

Altars:
Cheibriados
Elyvilon
Makhleb
Yredelemnul


Innate Abilities, Weirdness & Mutations

You cannot be hasted, slowed, berserked, paralysed or teleported.
You can dig through walls and to a lower floor.
You have a pair of large antennae on your head. (SInv)
Your four strong arms can wield two-handed weapons with a shield.
You have large cloven feet.
You are partially covered in iridescent scales. (AC +2)
You are clumsy. (Dex -2)
Your body sometimes deteriorates upon taking damage.


Message History

As you read the scroll labelled ASCHAM ZEFE, it crumbles to dust.
You feel a strange sense of stasis.
It was a scroll of teleportation.
You hear a shout!
As you read the scroll labelled ETEUSK QONU, it crumbles to dust.
Your body is wracked with pain!
* * * LOW HITPOINT WARNING * * *
The goblin convulses!
The orc convulses! x2; The gnoll convulses!
It was a scroll of torment.
You hear a shout! x4
The goblin hits you but does no damage.
You hear a shout! x2
It was a potion of might.
You feel very mighty all of a sudden. The orc hits you but does no damage.
An orc comes into view. It is wielding a +0 war axe.
The goblin hits you but does no damage.
It was a potion of mutation.
You feel extremely strange.
Your feet thicken and deform.
You feel yourself wasting away.
You feel clumsy.
Iridescent scales grow over part of your body.
The orc closely misses you. The goblin hits you with a +0 dagger.
* * * LOW HITPOINT WARNING * * *
It was a potion of brilliance.
You feel clever all of a sudden. The orc barely misses you.
The goblin hits you but does no damage.
Okay, then.
You feel better. The orc hits you but does no damage.
The goblin hits you but does no damage. The goblin hits you but does no damage.
You extend your mandibles.
You dig through the rock wall. 2 gnolls and a kobold come into view.
The gnoll shouts!
The kobold shouts!
You hear a shout! x5
The gnoll hits you but does no damage. The gnoll hits you with a +0 halberd.
* * * LOW HITPOINT WARNING * * *
You block the orc's attack.
You retract your mandibles.
You hear a shout!
The gnoll hits you from afar with a +0 halberd!
You die...
Your body rises from the dead as a mindless zombie.

# #.## { #'
#+####...# ###..# ##.
{ ..#..#...# .... ..
{ #.#..#..)# ###. #'#
#.##'##..# ..#..
#..#..#..# ..#.g {
{#..#..#..#
###.#Kg#####.###†#..#
.#.###...'..'..))).#
'.#go#@.#..#...#..#
##.#.K####.##'###..#
#{{#'##....#..#....#
{
#.{gg{.....#..#....#
#{##.{###########..#
.' #..g).'..' #..#
... ####..#..# #..#
### #'# #..# .#


You could see 2 gnolls and a kobold.

Vanquished Creatures
  Menkaure (D:4)
  A necrophage (D:4)
  2 hounds (D:4)
  An orc wizard (D:4)
  Terence (D:3)
  A hound skeleton (D:4)
  A howler monkey zombie (D:4)
  3 gnolls (D:4)
  3 adders
  An ufetubus (D:4)
  3 worms
  2 dart slugs
  An orc (D:4)
  3 bats
  4 endoplasms
  2 giant cockroaches
  4 hobgoblins
  7 jackals (D:1)
  A quokka (D:3)
  2 ball pythons
  2 frilled lizards (D:3)
  6 goblins
  11 kobolds
  4 rats
67 creatures vanquished.

Vanquished Creatures (others)
  13 plants (D:4)
13 creatures vanquished.

Grand Total: 80 creatures vanquished

Notes
Turn   | Place    | Note
-------+----------+-------------------------------------------
     0 | D:1      | Malachi the Formicid Hunter began the quest for the Orb.
     0 | D:1      | Reached XP level 1. HP: 16/16 MP: 1/1
    86 | D:1      | Found a faded altar of an unknown god.
   159 | D:1      | Became a worshipper of Yredelemnul the Dark
   159 | D:1      | Reached * piety under Yredelemnul
   240 | D:1      | Reached XP level 2. HP: 12/23 MP: 2/2
   763 | D:1      | Reached XP level 3. HP: 13/28 MP: 3/3
  2038 | D:2      | Reached skill level 1 in Armour
  2173 | D:2      | Reached ** piety under Yredelemnul
  2174 | D:2      | Reached skill level 1 in Short Blades
  2174 | D:2      | Reached XP level 4. HP: 15/34 MP: 4/4
  2982 | D:3      | Found a white marble altar of Elyvilon.
  3513 | D:3      | Found a snail-covered altar of Cheibriados.
  3528 | D:3      | Noticed Terence
  3538 | D:3      | Killed Terence
  3625 | D:3      | Reached XP level 5. HP: 39/39 MP: 5/5
  4219 | D:4      | Found a burning altar of Makhleb.
  4645 | D:4      | Noticed a necrophage
  4658 | D:4      | Killed a necrophage
  4659 | D:4      | Reached skill level 1 in Shields
  4659 | D:4      | Reached XP level 6. HP: 30/47 MP: 6/6
  5095 | D:4      | Noticed Menkaure
  5100 | D:4      | Killed Menkaure
  5364 | D:4      | Reached XP level 7. HP: 49/52 MP: 7/7
  5639 | D:4      | Gained mutation: You have large cloven feet. [potion of
                  | mutation]
  5639 | D:4      | Gained mutation: Your body sometimes deteriorates upon
                  | taking damage. [potion of mutation]
  5639 | D:4      | Gained mutation: You are clumsy. (Dex -2) [potion of
                  | mutation]
  5639 | D:4      | Gained mutation: You are partially covered in iridescent
                  | scales. (AC +2) [potion of mutation]
  5644 | D:4      | Slain by a gnoll

Illustrated notes

Levels and vault maps discovered:
D:1:      doesnt_arrival_eight_statues, layout_loops_ring,
          chequers_ecumenical_altar_grove
D:2:      layout_basic
D:3:      layout_basic, mainiacjoe_overflow_surrounded_room,
          mainiacjoe_overflow_chevrons, uniq_terence
D:4:      corexii_shantytown, layout_basic, nicolae_hepliaklqana_hazy_memory,
          lemuel_round_altar, mainiacjoe_overflow_tiny_flanked, uniq_menkaure

Skill      XL: |  1  2  3  4  5  6  7 |
---------------+----------------------+-----
Dodging        | 2 |  2.4
Armour         | 1 2 |  2.2
Short Blades   | 1 2 3 |  3.9
Stealth        | 2 |  2.0
Fighting       | 3 |  3.8
Shields        | 1 2 3 |  3.0
Crossbows      | |  4.7

Action                   |  1- 3 |  4- 6 |  7- 9 || total
-------------------------+-------+-------+-------++-------
Melee: Short sword       |    60 |       |       ||    60
       Dagger            |    39 |    93 |    49 ||   181
 Fire: Hand crossbow     |     8 |     7 |       ||    15
 Abil: Dig               |     1 |       |     1 ||     2
  Use: Scroll            |     4 |     1 |     2 ||     7
       Potion            |       |       |     4 ||     4
 Stab: Sleeping          |     1 |     1 |       ||     2
Armor: Leather armour    |    42 |     4 |       ||    46
       Chain mail        |       |    23 |    36 ||    59
Dodge: Dodged            |    67 |    30 |    16 ||   113
Block: Buckler           |       |     2 |    12 ||    14
